 Dungeon Crawl Stone Soup version 0.31.0-11-ge490571c62 (webtiles) character file.

Game seed: 18313722129423336870

620 Rassilon the Slasher (level 7, -6/55 HPs)
             Began as a Demonspawn Monk on Jan 29, 2024.
             Mangled by Duvessa
             ... wielding a +0 rapier
              (9 damage)
             ... on level 5 of the Dungeon.
             The game lasted 00:11:37 (3444 turns).

Rassilon the Slasher (Demonspawn Monk)              Turns: 3444, Time: 00:11:38

Health: -6/55      AC: 10    Str: 12    XL:     7   Next: 22%
Magic:  7/7        EV: 14    Int:  8    God:
Gold:   226        SH:  5    Dex: 17    Spells: 6/6 levels left

rFire   . . .        a - +0 falchion
rCold   . . .        d - orb {light}
rNeg    . . .        b - +0 robe
rPois   .            (no helmet)
rElec   .            u - +2 cloak
rCorr   .            o - +2 pair of gloves
SInv    .            (no boots)
Will    .....        e - amulet of reflection
Stlth   +            (no ring)
HPRegen 0.29/turn    (no ring)
MPRegen 0.10/turn

%: reflection
@: glowing
A: hooves 2, icy blue scales 1, foul stench 1, demonic magic 1, dopey 1,
mutation resistance 1
a: no special abilities


You were on level 5 of the Dungeon.
You visited 1 branch of the dungeon, and saw 5 of its levels.

You collected 226 gold pieces.

Inventory:

Hand Weapons
 a - a +0 falchion (weapon)
Armour
 b - a +0 robe (worn)
 d - an orb of light (worn)
 o - a +2 pair of gloves (worn)
 u - a +2 cloak (worn)
Jewellery
 e - an amulet of reflection (around neck)
 q - a ring of protection from fire
 r - a ring of fire
Wands
 n - a wand of flame (13)
Scrolls
 g - 2 scrolls of revelation {unknown}
 h - 5 scrolls of identify {unknown}
 j - 3 scrolls of amnesia {unknown}
 l - a scroll of acquirement {unknown}
 m - 3 scrolls of enchant weapon {unknown}
 p - a scroll of poison {unknown}
 s - 2 scrolls of blinking {unknown}
 t - a scroll of fog {unknown}
Potions
 c - a potion of ambrosia
 i - 3 potions of curing
 k - a potion of heal wounds
 v - a potion of brilliance


   Skills:
 + Level 4.9 Fighting
 * Level 5.7 Long Blades
 + Level 4.4 Dodging


You had 6 spell levels left.
You didn't know any spells.
Your spell library contained the following spells:

 Spells                   Type           Power      Damage    Failure   Level
 Sublimation of Blood     Necr           0%         N/A       54%         2
 Inner Flame              Hex/Fire       0%         N/A       78%         3
 Passage of Golubria      Tloc           0%         N/A       99%         4
 Petrify                  Alch/Erth      0%         N/A       99%         4
 Irradiate                Conj/Alch      0%         3d11      100%        5
 Silence                  Hex/Air        0%         N/A       100%        5
 Ignition                 Fire           0%         3d3       100%        8
 Lehudib's Crystal Spear  Conj/Erth      0%         10d2      100%        8


Dungeon Overview and Level Annotations

Branches:
Dungeon (5/15)
 Temple: D:4-7

Altars:
Ashenzari
Gozag
Nemelex Xobeh
Qazlal
Ru
Uskayaw

Annotations:
D:5 Dowan, Duvessa


Innate Abilities, Weirdness & Mutations

You have hoof-like feet.
You are partially covered in icy blue scales. (AC +2)
You may rarely emit foul miasma when damaged in melee.
Spells you cast may paralyse adjacent enemies.
You are dopey. (Int -2)
You are somewhat resistant to further mutation.


Message History

You hit Duvessa.
Duvessa is moderately wounded.
Duvessa completely misses you. Dowan hits you but does no damage.
The gnoll misses you. The gnoll hits you but does no damage.
Duvessa hits you but does no damage.
You hit Duvessa.
Duvessa is moderately wounded.
Dowan closely misses you. The gnoll closely misses you.
Duvessa says, "When magic and the sword combine, nothing stands against them."
Duvessa completely misses you. The gnoll hits you but does no damage.
You hit Duvessa.
Duvessa is heavily wounded.
Duvessa hits you with a +0 rapier! Dowan hits you but does no damage.
The gnoll hits you from afar with a +0 spear.
The gnoll misses you. Duvessa hits you with a +0 rapier.
You hit Duvessa. You kick Duvessa.
Duvessa is severely wounded.
Dowan hits you but does no damage. The gnoll barely misses you.
Duvessa hits you with a +0 rapier! The gnoll closely misses you.
Duvessa attacks as she pursues you! Duvessa hits you but does no damage.
The gnoll attacks as it pursues you! The gnoll hits you but does no damage.
You hit Duvessa. You kick Duvessa, but do no damage.
Duvessa is severely wounded.
Duvessa hits you but does no damage. Dowan hits you with a +0 dagger.
The gnoll closely misses you. The gnoll barely misses you.
Duvessa hits you with a +0 rapier.
* * * LOW HITPOINT WARNING * * *
You emit a cloud of foul miasma!
Duvessa is engulfed in dark miasma.
Duvessa is poisoned.
You hit Duvessa but do no damage. You kick Duvessa, but do no damage.
Duvessa is almost dead.
Duvessa closely misses you. Duvessa hits you with a +0 rapier.
* * * LOW HITPOINT WARNING * * *
The gnoll hits you from afar with a +0 halberd!
* * * LOW HITPOINT WARNING * * *
Unknown command.
You hit Duvessa but do no damage.
Duvessa is almost dead.
Duvessa hits you with a +0 rapier!
You die...

#.....# ##....... #..
##....#.. #.. ##....#.# ..#
#.. ... ##....#.# ..... #..
...## ##....#.# #.#....# #..
.#.... ##..g.#.#.#.#.#....##..
......##....#@#?#.#.#.#.......
#.....#....#e#e#.#.#.#.#......
#........g#☼#.#.#.#.#.#.#.....
#.......#g#.#.#.#.#.#.#.#....
...#...#g#.#.#.#.#.#.#....#
#....#.#.#.#.#.#.#.....#
##....#.#.#.#.#.#....#.#
##....#.#.#.#.#.......#
##....#.#.#.#.......##


You could see Duvessa (fast, poisoned), Dowan and 4 gnolls.

Vanquished Creatures
  A black bear (D:4)
  An ogre (D:4)
  A gnoll sergeant (D:3)
  A bombardier beetle (D:3)
  A hound (D:5)
  Jessica (D:2)
  3 iguanas
  Terence (D:2)
  An orc wizard (D:4)
  4 gnolls
  7 adders
  2 dart slugs
  4 ribbon worms
  3 orcs
  3 ball pythons
  7 endoplasms
  4 giant cockroaches
  3 hobgoblins
  6 quokkas
  8 bats
  3 frilled lizards
  2 goblins
  8 kobolds
  10 rats
85 creatures vanquished.

Vanquished Creatures (others)
  An endoplasm (D:1)
1 creature vanquished.

Grand Total: 86 creatures vanquished

Notes
Turn   | Place    | Note
-------+----------+-------------------------------------------
     0 | D:1      | Rassilon the Demonspawn Monk began the quest for the Orb.
     0 | D:1      | Reached XP level 1. HP: 18/18 MP: 1/1
   172 | D:1      | Reached skill level 3 in Long Blades
   172 | D:1      | Gained mutation: You have large cloven feet. [demonic
                  | ancestry]
   172 | D:1      | Reached XP level 2. HP: 22/24 MP: 2/2
   433 | D:1      | Found a faded altar of an unknown god.
   962 | D:2      | Gained mutation: You are partially covered in icy blue
                  | scales. (AC +2) [demonic ancestry]
   962 | D:2      | Reached XP level 3. HP: 28/29 MP: 3/3
  1029 | D:2      | Noticed Jessica
  1032 | D:2      | Killed Jessica
  1033 | D:2      | Gained mutation: Spells you cast may paralyse adjacent
                  | enemies. [demonic ancestry]
  1033 | D:2      | Reached XP level 4. HP: 30/35 MP: 4/4
  1069 | D:2      | Found a stormy altar of Qazlal.
  1119 | D:2      | Noticed Terence
  1129 | D:2      | Killed Terence
  1527 | D:3      | Reached skill level 4 in Long Blades
  1801 | D:3      | Gained mutation: You may rarely emit foul miasma when
                  | damaged in melee. [demonic ancestry]
  1801 | D:3      | Reached XP level 5. HP: 26/42 MP: 5/5
  2654 | D:4      | Reached XP level 6. HP: 47/48 MP: 6/6
  2678 | D:4      | Reached skill level 5 in Long Blades
  2722 | D:4      | Gained mutation: You have hoof-like feet. [demonic
                  | ancestry]
  2722 | D:4      | Reached XP level 7. HP: 37/55 MP: 7/7
  3109 | D:4      | Found a hide-covered altar of Uskayaw.
  3116 | D:4      | Found an opulent altar of Gozag.
  3121 | D:4      | Found a broken altar of Ashenzari.
  3139 | D:4      | Found a sacrificial altar of Ru.
  3144 | D:4      | Found a sparkling altar of Nemelex Xobeh.
  3297 | D:5      | Entered Level 5 of the Dungeon
  3416 | D:5      | Noticed Duvessa
  3418 | D:5      | Noticed Dowan
  3434 | D:5      | Gained mutation: You are somewhat resistant to further
                  | mutation. [potion of mutation]
  3434 | D:5      | Gained mutation: You are dopey. (Int -2) [potion of
                  | mutation]
  3443 | D:5      | HP: 2/55 [gnoll/+0 halberd (8)]
  3444 | D:5      | Mangled by Duvessa

Illustrated notes

Levels and vault maps discovered:
D:1:      evilmike_arrival_rings, layout_rooms,
          shapermc_ecumenical_altar_starsandcircs, chequers_big_river,
          lemuel_flame_loot_1
D:2:      layout_loops_ring, basic_altar, uniq_jessica, uniq_terence
D:3:      layout_loops_ring, minmay_increasing_density
D:4:      minmay_chambers_of_threes, layout_basic,
          grunt_temple_overflow_octagram
D:5:      layout_basic, nicolae_overflow_hidden_temple,
          minmay_temple_entry_drinking_statues, nicolae_the_louvre, uniq_duvessa

Skill      XL: |  1  2  3  4  5  6 |
---------------+-------------------+-----
Long Blades    | 3 4 5 |  5.7
Dodging        | 3 4 |  4.4
Fighting       | 4 |  4.9

Action                     |  1- 3 |  4- 6 |  7- 9 || total
---------------------------+-------+-------+-------++-------
  Melee: Falchion          |    52 |   174 |    38 ||   264
         Kick              |     7 |    53 |    19 ||    79
    Use: Potion            |       |     3 |     3 ||     6
 Armour: Robe              |    29 |    58 |    48 ||   135
         Skin              |       |    41 |       ||    41
  Dodge: Dodged            |    37 |    96 |    34 ||   167
